 Dungeon Crawl Stone Soup version 0.31-a0-152-g6aa68a64a1 (webtiles) character file.

Game seed: 16457585921791519911

49 qw the Shooter (level 3, 0/22 HPs)
             Began as a Gargoyle Hunter on June 10, 2023.
             Slain by a gnoll
             ... wielding a +0 spear
              (2 damage)
             ... on level 2 of the Dungeon.
             The game lasted 00:00:19 (829 turns).

qw the Shooter (Gargoyle Hunter)                     Turns: 829, Time: 00:00:20

Health: 0/22       AC: 10    Str: 14    XL:     3   Next: 77%
Magic:  3/3        EV:  5    Int:  9    God:
Gold:   58         SH:  0    Dex: 15    Spells: 2/2 levels left

rFire   . . .        Y - +0 shortbow (flame)
rCold   . . .        (shield currently unavailable)
rNeg    + . .        k - +0 ring mail
rPois   inf          j - +2 hat
rElec   +            (no cloak)
rCorr   .            (no gloves)
SInv    .            (no boots)
Will    .....        (no amulet)
Stlth   +            (no ring)
HPRegen 0.23/turn    (no ring)
MPRegen 0.08/turn

%: no passive effects
@: held
A: sickness immunity, AC +3, negative energy resistance 1, electricity
resistance, torment resistance 1, petrification resistance
a: no special abilities


You were on level 2 of the Dungeon.
You visited 1 branch of the dungeon, and saw 2 of its levels.

You collected 58 gold pieces.


Innate Abilities, Weirdness & Mutations

You are immune to sickness and miasma.
Your stone body is resilient. (AC +3)
You are immune to poison.
You resist negative energy. (rN+)
You are resistant to electric shocks. (rElec)
You are resistant to unholy torment.
You are immune to petrification.


   Skills:
 + Level 2.6 Fighting
 - Level 5.0 Ranged Weapons
 - Level 1.0 Armour
 - Level 1.5 Dodging
 - Level 1.1 Stealth


You had 2 spell levels left.
You didn't know any spells.
Your spell library was empty.

Inventory:

Hand Weapons
 Y - a +0 shortbow of flaming (weapon)
Armour
 j - a +2 hat (worn)
 k - a +0 ring mail (worn)
Potions
 d - a potion of brilliance {unknown}
 g - a potion of degeneration {unknown}
 h - a potion of enlightenment {unknown}
 i - a potion of resistance {unknown}

Dungeon Overview and Level Annotations

Branches:
Dungeon (2/15)

Altars:

Annotations:
D:2 exclusions: gnoll and gnoll sergeant


Message History

A gnoll sergeant comes into view. It is wielding a +0 spear.
You shoot an arrow. The arrow hits the gnoll sergeant!
The arrow burns the gnoll sergeant.
The gnoll sergeant is moderately wounded.
You shoot an arrow.
The arrow barely misses the gnoll sergeant.
You shoot an arrow. The gnoll sergeant blocks the arrow.
You shoot an arrow. The gnoll sergeant blocks the arrow.
You shoot an arrow.
The arrow barely misses the gnoll sergeant.
The gnoll sergeant hits you from afar with a +0 spear!
The gnoll sergeant hits you but does no damage.
You shoot an arrow.
The arrow hits the gnoll sergeant but does no damage.
The gnoll sergeant is moderately wounded.
The gnoll sergeant hits you but does no damage.
You shoot an arrow.
The arrow barely misses the gnoll sergeant.
The gnoll throws a throwing net.
The throwing net closely misses you.
The gnoll sergeant hits you but does no damage.
You shoot an arrow. The arrow hits the gnoll sergeant.
The arrow burns the gnoll sergeant.
The gnoll sergeant is heavily wounded.
The gnoll hits you but does no damage.
The gnoll sergeant hits you from afar with a +0 spear.
The gnoll sergeant closely misses you. The gnoll hits you but does no damage.
Found the +5 woodcutter's axe.
The gnoll throws a throwing net.
The throwing net hits you.
You become entangled in the net!
The gnoll sergeant hits you with a +0 spear.
You see here a throwing net.
827 ||| DRINKING potion of heal wounds.
You feel much better.
The gnoll hits you from afar with a +0 spear!
The gnoll sergeant hits you with a +0 spear!
You struggle against the net.
The gnoll barely misses you.
The gnoll sergeant hits you with a +0 spear.
You tear a large gash into the net.
The gnoll hits you from afar with a +0 spear.
You die... 7777

7)... 777..# #
777.g..#...
###77)..7..#...
#..)().@g..'..)
#.#
#.#77....7.#...
#..
#.##777.)..#...
#..
#..###777..# ##
#.# #....##
7... ##.##
+.....##


7777 ... #......### ## #.# ##.......# #.##<### ##.....## #......# You could see
a gnoll sergeant and a gnoll.

Vanquished Creatures
  2 gnolls (D:2)
  2 dart slugs (D:1)
  2 bats (D:1)
  3 endoplasms (D:1)
  2 giant cockroaches (D:1)
  4 goblins (D:1)
  A hobgoblin (D:1)
  5 ball pythons (D:1)
  A frilled lizard (D:1)
  A kobold (D:1)
  4 rats (D:1)
27 creatures vanquished.

Notes
Turn   | Place    | Note
-------+----------+-------------------------------------------
     0 | D:1      | qw the Gargoyle Hunter began the quest for the Orb.
     0 | D:1      | Reached XP level 1. HP: 12/12 MP: 1/1
     0 | D:1      | 0 ||| qw: Version: 0.2-a-123-gb51047a
     0 | D:1      | 0 ||| qw: Game counter: 3792
     0 | D:1      | 0 ||| qw: Always use a shield: true
     0 | D:1      | 0 ||| qw: God list: Okawaru
     0 | D:1      | 0 ||| qw: Allow faded altars: false
     0 | D:1      | 0 ||| qw: Do Orc after D:15 true
     0 | D:1      | 0 ||| qw: Do second Lair branch before Depths: true
     0 | D:1      | 0 ||| qw: Lair rune preference: random
     0 | D:1      | 0 ||| qw: Plans: Normal, Zot:1-4, Slime:5, God:TSO, Crypt,
                  | Tomb, Abyss, Pan, Hells, Win
     0 | D:1      | 0 ||| PLANNING D:1-11
    40 | D:1      | Reached XP level 2. HP: 16/17 MP: 2/2
   226 | D:1      | Reached XP level 3. HP: 21/21 MP: 3/3
   613 | D:1      | Reached skill level 5 in Ranged Weapons
   694 | D:1      | 694 ||| UPGRADING to +2 hat.
   699 | D:1      | 699 ||| UPGRADING to +0 ring mail.
   709 | D:1      | 709 ||| DROPPING +0 leather armour.
   710 | D:1      | 710 ||| READING scroll labelled ULAFROA JIHA.
   711 | D:1      | 711 ||| READING scroll labelled GYGOVE MEGI.
   712 | D:1      | 712 ||| DRINKING 2 ruby potions.
   713 | D:1      | 713 ||| DROPPING scroll of butterflies.
   800 | D:2      | Reached skill level 1 in Armour
   817 | D:2      | Noticed a gnoll sergeant
   826 | D:2      | Found the +5 woodcutter's axe
   826 | D:2      | HP: 4/22 [gnoll sergeant/+0 spear (6)]
   827 | D:2      | 827 ||| DRINKING potion of heal wounds.
   829 | D:2      | Slain by a gnoll

Levels and vault maps discovered:
D:1:      lightli_arrival_lavapool, layout_basic
D:2:      cheibrodos_greedy_goblins, layout_loops_corners,
          pf_guarded_unrand_woodcutter, uniq_crazy_yiuf_cottage

Skill      XL: |  1  2  3 |
---------------+----------+-----
Ranged Weapons | 5 |  5.0
Armour         | 1 |  1.0
Fighting       | |  2.6
Dodging        | |  1.5
Stealth        | |  1.1

Action                     || total
---------------------------++-------
   Fire: Shortbow          ||    67
    Use: Scroll            ||     2
         Potion            ||     2
 Armour: Leather armour    ||     3
         Ring mail         ||     8
  Dodge: Dodged            ||    13

Table legend:
 A = Non-vault XP
 B = Vault XP
 C = Vault XP percentage of total XP
 D = Non-vault monster count
 E = Vault monster count
 F = Vault count percentage of total count
                 A         B        C        D         E       F
            +---------+---------+-------+---------+---------+-------
      Total |      43 |      28 |  39.4 |      25 |       2 |   7.4
            +---------+---------+-------+---------+---------+-------
        D:1 |      43 |       0 |   0.0 |      25 |       0 |   0.0
        D:2 |       0 |      28 | 100.0 |       0 |       2 | 100.0
            +---------+---------+-------+---------+---------+-------
